 Dungeon Crawl Stone Soup version 0.25.1-2-g60ff931df9 (webtiles) character file.

Game seed: 16962917055819187859

39 DearestLeader the Ducker (level 3, -5/28 HPs)
             Began as a Demonspawn Gladiator on Nov 3, 2020.
             Slain by a gnoll
             ... wielding a +0 halberd
              (13 damage)
             ... on level 2 of the Dungeon.
             The game lasted 00:02:19 (1376 turns).

DearestLeader the Ducker (Demonspawn Gladiator)     Turns: 1376, Time: 00:02:20

Health: -5/28      AC:  9    Str: 15    XL:     3   Next: 26%
Magic:  3/3        EV:  7    Int:  9    God:
Gold:   76         SH:  0    Dex: 14    Spells: 2/2 levels left

rFire    . . .     SeeInvis .   k - +2 whip (drain)
rCold    . . .     Gourm    .   (no shield)
rNeg     . . .     Faith    .   g - +0 chain mail
rPois    .         Spirit   .   c - +0 helmet
rElec    .         Reflect  .   (no cloak)
rCorr    .         Harm     .   (no gloves)
MR       .....                  (no boots)
Stlth    ..........             (no amulet)
HPRegen  0.09/turn              (no ring)
MPRegen  0.08/turn              (no ring)

@: no status effects
A: hooves 1
a: no special abilities


You were on level 2 of the Dungeon.
You were not hungry.

You visited 1 branch of the dungeon, and saw 2 of its levels.

You collected 76 gold pieces.

Inventory:

Hand Weapons
 a - a +0 war axe
 k - a +2 whip of draining (weapon)
Missiles
 d - 3 throwing nets (quivered)
Armour
 b - a +0 leather armour
 c - a +0 helmet (worn)
 e - a +0 ring mail
 g - a +0 chain mail (worn)
Scrolls
 h - a scroll of immolation {unknown}
 j - a scroll of teleportation {unknown}
Potions
 i - 2 potions of degeneration {unknown}
Comestibles
 f - 2 rations
 l - 8 chunks of flesh


   Skills:
 + Level 2.8 Fighting
 - Level 2.6 Axes
 - Level 1.7 Throwing
 + Level 1.5 Armour
 - Level 3.0 Dodging


You had 2 spell levels left.
You didn't know any spells.
Your spell library was empty.

Dungeon Overview and Level Annotations

Branches:
Dungeon (2/15)

Altars:
Uskayaw


Innate Abilities, Weirdness & Mutations

You have large cloven feet.


Message History

You climb downwards.
There is a stone staircase leading up here.
Found a club.
The gnoll shouts!
Found a club.
There is a stone staircase leading down here.
A gnoll is nearby!
The gnoll barely misses you.
You closely miss the gnoll. You kick the gnoll, but do no damage.
The gnoll closely misses you.
Your chain mail prevents you from hitting the gnoll.
The kobold throws a stone.
The stone hits you but does no damage. The gnoll hits you with a +0 halberd!
Your chain mail prevents you from hitting the gnoll.
The gnoll hits you with a +0 halberd!
* * * LOW HITPOINT WARNING * * *
You are too injured to fight recklessly!
Unknown command.
The kobold barely misses you. The gnoll hits you with a +0 halberd!
You die...

.# #.....#..........
...#...#)...........
#)#..>....<#..##...
#.......#.#.>##
#.....%>...###
.###............#
.........#......#
.##...K(.#.)....?.
....#.g@........#.
... #.##........#
...#..###........
#......#........
.#.............
...............
$.......!......
...............
####.....b.....


You could see a gnoll and a kobold.

Vanquished Creatures
  An adder (D:1)
  A dart slug (D:1)
  A giant cockroach (D:1)
  3 goblins (D:1)
  5 hobgoblins (D:1)
  4 jackals (D:1)
  2 bats (D:1)
  3 frilled lizards (D:1)
  4 kobolds (D:1)
  2 rats (D:1)
26 creatures vanquished.

Notes
Turn   | Place    | Note
-------+----------+-------------------------------------------
     0 | D:1      | DearestLeader the Demonspawn Gladiator began the quest for
                  | the Orb.
     0 | D:1      | Reached XP level 1. HP: 16/16 MP: 1/1
   130 | D:1      | Gained mutation: You have large cloven feet. [demonic
                  | ancestry]
   130 | D:1      | Reached XP level 2. HP: 22/22 MP: 2/2
   209 | D:1      | Reached skill level 3 in Dodging
   633 | D:1      | Reached skill level 1 in Armour
  1031 | D:2      | Found a hide-covered altar of Uskayaw.
  1031 | D:2      | Noticed a +0 hand axe
  1031 | D:2      | Noticed a +0 dagger
  1262 | D:1      | Reached XP level 3. HP: 21/28 MP: 3/3
  1376 | D:2      | Slain by a gnoll

Illustrated notes

Levels and vault maps discovered:
D:1:      matt_arrival_diagonals, layout_basic, minmay_quantized
D:2:      layout_rooms, dancing_weapons_uskayaw

Skill      XL: |  1  2 |
---------------+-------+-----
Dodging        | 3 |  3.0
Armour         | 1 |  1.5
Fighting       | |  2.8
Axes           | |  2.6
Throwing       | |  1.7

Action                   || total
-------------------------++-------
Melee: War axe           ||    37
       Kick              ||    12
       Whip              ||    26
 Stab: Sleeping          ||     1
  Eat: Chunk             ||     1
Armor: Ring mail         ||     9
       Chain mail        ||    67
Dodge: Dodged            ||    53
